Map: Croisement de Kairos EC

Players

Raynor - Winner!

  • Race: Zerg Zerg
  • League: Gold
  • Spawn Location: 11:00

zidar

  • Race: Zerg Zerg
  • League: Silver
  • Spawn Location: 5:00

VOD

Have the link to the VOD?

Description

Time

  • Played on: Dec. 27, 2018, 4:13 p.m.
  • Length: 2:33
Show
View Real Time Build Order
Export as new Build Order

Raynor Zerg - Winner!

Build Orders: Pool Only 

Get SALT Encoding   

  12  0:19  Spawning Pool  
  11  0:21  Drone  
  12  0:41  Drone  
  13  0:58  Overlord  
  13  1:05  Zergling x2  
  14  1:13  Overlord x2  
  14  1:16  Queen  
  16  1:23  Spine Crawler  
  15  1:33  Zergling x2  
  15  1:34  Zergling x2  
  17  1:44  Zergling x2  
  18  1:55  Zergling x2  
  19  2:05  Zergling x2  
  20  2:14  Extractor  
Show
View Real Time Build Order
Export as new Build Order

zidar Zerg 

Build Orders: Pool First 

Get SALT Encoding   

  12  0:01  Drone  
  13  0:12  Overlord  
  13  0:17  Drone  
  14  0:30  Drone x2  
  16  0:45  Spawning Pool  
  16  0:47  Drone  
  16  1:12  Hatchery  
  15  1:18  Drone  
  16  1:27  Extractor  
  15  1:35  Queen  
  15  1:37  Overlord  
  17  1:55  Zergling x4  
  17  1:57  Zergling x2  
Tags
 
Add a new tag
Caveats
  • Supply blocks, unpowered buildings, or Contaminate may cause inaccurate times.
  • Supply counts are checked every 10 seconds.